 Dungeon Crawl Stone Soup version 0.26-a0-651-gb41185065b (webtiles) character file.

Game seed: 1505744684398317065

693 Flugslaktarn the Chopper (level 7, 0/67 HPs)
             Began as a Deep Dwarf Fighter on Oct 8, 2020.
             Slain by Menkaure (14 damage)
             ... on level 5 of the Dungeon.
             The game lasted 00:01:18 (1723 turns).

Flugslaktarn the Chopper (Deep Dwarf Fighter)       Turns: 1723, Time: 00:01:18

Health: 0/67       AC:  7    Str: 22    XL:     7   Next: 37%
Magic:  6/6        EV:  5    Int:  8    God:
Gold:   166        SH: 15    Dex: 12    Spells: 6/6 levels left

rFire    . . .     SeeInvis .   e - +6 hand axe
rCold    . . .     Faith    .   h - +0 tower shield
rNeg     . . .     Spirit   .   b - +0 scale mail
rPois    .         Reflect  .   (no helmet)
rElec    .         Harm     .   (no cloak)
rCorr    .         Rampage  .   (no gloves)
MR       +....                  (no boots)
Stlth    ..........             (no amulet)
HPRegen  0.00/turn              j - ring of attention (curse)
MPRegen  0.10/turn              m - ring of flight

@: non-regenerating
A: damage resistance, heal wounds, sense surroundings 1, no regeneration
a: Heal Wounds, Evoke Flight


You were on level 5 of the Dungeon.
You visited 1 branch of the dungeon, and saw 5 of its levels.

You collected 166 gold pieces.

Inventory:

Hand Weapons
 a - a +1 war axe
 e - a +6 hand axe (weapon)
   (You took it off an orc on level 5 of the Dungeon)
Armour
 b - a +0 scale mail (worn)
 c - a +0 kite shield
 h - a +0 tower shield (worn)
   (You found it on level 5 of the Dungeon)
Jewellery
 f - an uncursed ring of protection from fire
   (You found it on level 4 of the Dungeon)
 g - a +4 ring of protection {unknown}
   (You found it on level 5 of the Dungeon)
 j - a cursed ring of attention (left hand)
   (You found it on level 2 of the Dungeon)
 m - a ring of flight (right hand)
   (You found it on level 4 of the Dungeon)
 n - a +6 ring of dexterity {unknown}
   (You found it on level 5 of the Dungeon)
 o - an uncursed ring of poison resistance
   (You found it on level 2 of the Dungeon)
Scrolls
 r - a scroll of identify
 t - 4 scrolls of teleportation
 x - 2 scrolls of remove curse
Potions
 d - a potion of lignification {unknown}
 i - a potion of heal wounds {unknown}
 k - 3 potions of invisibility
 l - 2 potions of flight
 p - a potion of haste {unknown}


   Skills:
 * Level 5.1 Fighting
 * Level 5.5 Axes
 + Level 4.8 Armour
 + Level 4.8 Shields


You had 6 spell levels left.
You didn't know any spells.
Your spell library was empty.

Dungeon Overview and Level Annotations

Branches:
Dungeon (5/15)
 Temple: D:4-7

Altars:

Annotations:
D:5 Menkaure


Innate Abilities, Weirdness & Mutations

You are resistant to damage.
You can heal yourself by infusing magical energy.
You passively map a small area around you.
You do not regenerate.


Message History

Your body is wracked with pain!
* * * LOW HITPOINT WARNING * * *
You block Menkaure's attack.
You are too injured to fight recklessly!
You are too injured to fight recklessly!
You are too injured to fight recklessly!
You are too injured to fight recklessly!
You are too injured to fight recklessly!
You are too injured to fight recklessly!
You are too injured to fight recklessly!
You are too injured to fight recklessly!
You are too injured to fight recklessly!
You are too injured to fight recklessly!
You are too injured to fight recklessly!
Your shield prevents you from hitting Menkaure.
Menkaure is severely damaged.
Menkaure blazes with dark energy!
You block Menkaure's attack.
You fail to use your ability.
Menkaure hits you!
You die...

# #...# # #...#
#### ##### **
#..### # # *
.....### ..##.## *
#......###....#.,
#+#......###....##
# ###......###.M.#
# ###......###@# #
###......#'# # ,
###......# #,,,
##......## #
,##......### #
##......##.# #,
,,##......##..# #
, ##......##..## #
##...รท..##....#


You could see Menkaure (fast).

Vanquished Creatures
  Sigmund (D:5)
  A water moccasin (D:5)
  Blork the orc (D:4)
  A bullfrog (D:5)
  An orc priest (D:5)
  A centaur skeleton (D:4)
  A hound (D:5)
  An iguana (D:5)
  3 orc wizards (D:5)
  2 worker ants (D:5)
  2 adders (D:5)
  A shadow imp (D:5)
  An ooze (D:4)
  3 worms
  A dart slug (D:1)
  A leopard gecko (D:5)
  5 orcs
  4 bats (D:1)
  A giant cockroach (D:4)
  A goblin (D:3)
  A hobgoblin (D:2)
  6 jackals (D:5)
  2 frilled lizards
  A jackal skeleton (D:4)
  A rat (D:1)
44 creatures vanquished.

Notes
Turn   | Place    | Note
-------+----------+-------------------------------------------
     0 | D:1      | Flugslaktarn the Deep Dwarf Fighter began the quest for the
                  | Orb.
     0 | D:1      | Reached XP level 1. HP: 20/20 MP: 1/1
    87 | D:1      | Reached XP level 2. HP: 27/27 MP: 2/2
   344 | D:4      | Noticed Blork the orc
   388 | D:4      | Killed Blork the orc
   388 | D:4      | Reached XP level 3. HP: 23/34 MP: 2/2
   388 | D:4      | Reached XP level 4. HP: 29/42 MP: 3/3
   427 | D:5      | Entered Level 5 of the Dungeon
  1104 | D:5      | Reached XP level 5. HP: 30/50 MP: 4/4
  1148 | D:5      | Found a sand-covered staircase.
  1194 | D:5      | Reached XP level 6. HP: 44/57 MP: 5/5
  1541 | D:5      | Noticed Sigmund
  1554 | D:5      | Killed Sigmund
  1554 | D:5      | Reached skill level 5 in Axes
  1554 | D:5      | Reached XP level 7. HP: 29/66 MP: 6/6
  1568 | D:5      | Reached skill level 5 in Fighting
  1712 | D:5      | Noticed Menkaure
  1723 | D:5      | Slain by Menkaure

Illustrated notes

Levels and vault maps discovered:
D:1:      scummos_arrival_simple_fountains, layout_basic
D:2:      layout_basic
D:3:      layout_basic, minmay_misc_feat_tiny
D:4:      layout_basic, uniq_blork_the_orc
D:5:      minmay_razor_zed, layout_basic, enter_ossuary_1,
          eino_small_chamber_without_monster, uniq_sigmund, uniq_menkaure

Skill      XL: |  1  2  3  4  5  6  7 |
---------------+----------------------+-----
Fighting       | 3 4 5 |  5.1
Axes           | 3 4 5 |  5.5
Armour         | 4 |  4.8
Shields        | 4 |  4.8

Action                   |  1- 3 |  4- 6 |  7- 9 || total
-------------------------+-------+-------+-------++-------
Melee: War axe           |    47 |    48 |       ||    95
       Hand axe          |       |    53 |    16 ||    69
 Abil: Heal Wounds       |     7 |     2 |     1 ||    10
  Use: Potion            |     1 |       |       ||     1
       Scroll            |       |     5 |       ||     5
Armor: Scale mail        |    13 |    37 |     5 ||    55
Dodge: Dodged            |     5 |    17 |     3 ||    25
Block: Kite shield       |    15 |    24 |       ||    39
       Tower shield      |       |    26 |    10 ||    36

Table legend: (Time is in decaauts)
 A = Elapsed time spent in this place.
 B = Non-inter-level travel time spent in this place.
 C = Inter-level travel time spent in this place.
 D = Time resting spent in this place.
 E = Time spent auto-exploring this place.
 F = Levels seen in this place.
 G = Mean time per level.
                   A        B        C        D        E       F      G
               +--------+--------+--------+--------+--------+-----+--------+
         Total |   1773 |   1675 |     98 |      0 |   1296 |   5 |  354.6 |
       Dungeon |   1773 |   1675 |     98 |      0 |   1296 |   5 |  354.6 |
               +--------+--------+--------+--------+--------+-----+--------+

Top non-repeatable levels by time:
     D:4: 728 daAuts
     D:5: 692 daAuts
     D:1: 145 daAuts
     D:2: 105 daAuts
     D:3: 100 daAuts
